 Dungeon Crawl Stone Soup version 0.27-a0-1256-gced786f65e (webtiles) character file.

Game seed: 1951626362732821661

34762 tilp the Convoker (level 13, -28/108 HPs)
             Began as a Barachi Summoner on June 10, 2021.
             Was a High Priest of Okawaru.
             Annihilated by Donald
             ... wielding a +1 scimitar of holy wrath
              (38 damage)
             ... on level 1 of the Orcish Mines.
             The game lasted 01:05:14 (37008 turns).

tilp the Convoker (Barachi Summoner)               Turns: 37008, Time: 01:05:14

Health: -28/108    AC: 20    Str: 13    XL:     13   Next: 79%
Magic:  8/22       EV: 14    Int: 20    God:    Okawaru [*****.]
Gold:   1110       SH:  0    Dex: 15    Spells: 3/24 levels left

rFire    . . .     SeeInvis +   a - +0 morningstar
rCold    . . .     Faith    .   (no shield)
rNeg     + . .     Spirit   .   B - +0 steam dragon scales
rPois    +         Reflect  .   S - +1 helmet {SInv}
rElec    .         Harm     .   N - +2 ratskin cloak {*Rats rPois rN+ Str-1 Int-1 Dex+1}
rCorr    .         Rampage  .   t - +2 pair of gloves {archery}
Will     .....                  J - +1 pair of boots
Stlth    +++.......             l - amulet of the acrobat
HPRegen  0.28/turn              M - +4 ring of protection
MPRegen  0.18/turn              r - +6 ring of intelligence

@: unable to hop, slow
A: amphibious, slowness 1, strong legs 2, +LOS
a: Hop, Renounce Religion, Heroism, Finesse


You were on level 1 of the Orcish Mines.
You worshipped Okawaru.
Okawaru was extremely pleased with you.
You visited 4 branches of the dungeon, and saw 20 of its levels.

You collected 1595 gold pieces.
You spent 485 gold pieces at shops.

Inventory:

Hand Weapons
 a - a +0 morningstar (weapon)
 b - a +3 great mace of holy wrath
Missiles
 n - 4 datura-tipped darts
 s - 5 throwing nets
 w - 5 curare-tipped darts
 A - 137 poisoned darts (quivered)
 P - 4 atropa-tipped darts
Armour
 g - a +2 cloak
 t - a +2 pair of gloves of archery (worn)
 B - +0 steam dragon scales (worn)
 D - a +2 scale mail of poison resistance
 J - a +1 pair of boots (worn)
 N - the +2 ratskin cloak (worn) {*Rats rPois rN+ Str-1 Int-1 Dex+1}
   (You bought it in a shop on level 1 of the Dungeon)

   It affects your strength (-1).
   It affects your intelligence (-1).
   It affects your dexterity (+1).
   It protects you from poison.
   It protects you from negative energy.
 S - a +1 helmet of see invisible (worn)
Jewellery
 i - a ring of positive energy
 l - an amulet of the acrobat (around neck)
 p - a ring of ice
 r - a +6 ring of intelligence (right hand)
 E - a ring of protection from fire
 H - a ring of magical power
 L - a ring of wizardry
 M - a +4 ring of protection (left hand)
Wands
 k - a wand of charming (27)
 o - a wand of acid (12)
 u - a wand of iceblast (9)
 x - a wand of polymorph (16)
 I - a wand of flame (43)
 K - a wand of mindburst (17)
 U - a wand of paralysis (18)
Scrolls
 q - 14 scrolls of identify
 v - 3 scrolls of amnesia
 y - a scroll of teleportation
 V - a scroll of fear
Potions
 c - a potion of curing
 d - 2 potions of attraction
 e - a potion of haste
 f - 2 potions of might
 j - 3 potions of lignification
 m - 4 potions of flight
 z - a potion of magic
 G - 2 potions of berserk rage
 O - a potion of ambrosia
 R - 3 potions of cancellation
 T - a potion of resistance
 W - a potion of heal wounds
Miscellaneous
 h - a tin of tremorstones (1/2)
 C - a condenser vane
 F - a box of beasts (inert)
 Q - a lightning rod (4/4)


   Skills:
 - Level 12.0 Fighting
 - Level 10.0 Maces & Flails
 - Level 4.0 Armour
 - Level 6.0 Dodging
 - Level 4.0 Stealth
 - Level 6.0 Spellcasting
 - Level 15.0 Summonings
 - Level 4.0 Ice Magic
 - Level 4.0 Air Magic
 + Level 8.3 Invocations
 - Level 4.0 Evocations


You had 3 spell levels left.
You knew the following spells:

 Your Spells              Type           Power      Damage    Failure   Level
a - Summon Small Mammal   Summ           100%       N/A       1%          1
b - Call Imp              Summ           60%        N/A       1%          2
c - Call Canine Familiar  Summ           60%        N/A       1%          3
d - Summon Guardian Gole  Hex/Summ       36%        N/A       1%          3
e - Summon Ice Beast      Ice/Summ       44%        N/A       1%          4
f - Summon Lightning Spi  Summ/Air       44%        N/A       1%          4
g - Swiftness             Air            22%        N/A       6%          3
h - Apportation           Tloc           12%        N/A       11%         1

Your spell library contained the following spells:

 Spells                   Type           Power      Damage    Failure   Level
 Shock                    Conj/Air       56%        1d6       4%          1
 Static Discharge         Conj/Air       14%        N/A       7%          2
 Animate Skeleton         Necr           12%        N/A       11%         1
 Corona                   Hex            6%         N/A       11%         1
 Magic Dart               Conj           24%        1d4       11%         1
 Pain                     Necr           24%        1d5       11%         1
 Blink                    Tloc           N/A        N/A       16%         2
 Slow                     Hex            6%         N/A       16%         2
 Mephitic Cloud           Conj/Pois/Air  11%        N/A       19%         3
 Conjure Flame            Conj/Fire      6%         6-21      30%         3
 Vampiric Draining        Necr           3%         2d6       30%         3
 Airstrike                Air            11%        N/A       21%         4
 Animate Dead             Necr           3%         N/A       71%         4
 Lightning Bolt           Conj/Air       7%         1d19      77%         5
 Agony                    Necr           6%         N/A       96%         5


Dungeon Overview and Level Annotations

Branches:
Dungeon (11/15)            Temple (1/1) D:5            Lair (6/6) D:10
 Shoals (0/4) Lair:2        Snake (0/4) Lair:3        Slime (0/5) Lair:5
    Orc (2/2) D:10
    Elf: Orc:2

Altars:
Ashenzari
Cheibriados
Dithmenos
Elyvilon
Fedhas
Gozag
Hepliaklqana
Kikubaaqudgha
Makhleb
Nemelex Xobeh
Okawaru
Qazlal
Ru
Sif Muna
Trog
Uskayaw
Vehumet
Wu Jian
Xom
Yredelemnul
Zin
The Shining One
Jiyva

Shops:
D:1 [   D:8 !   Orc:2 [

Annotations:
D:8 Gastronok
Lair:1 exclusion: catoblepas
Lair:2 1 runed translucent door, exclusion: 2 oklob plants, AmberJLi's ghost, novice DDDe
Lair:3 exclusion: 2 killer bees
Lair:5 exclusion: fire crab
Lair:6 exclusions: black bear, 2 catoblepae and wolf
Orc:1 Donald


Innate Abilities, Weirdness & Mutations

You are amphibious.
You cover ground slowly.
You can hop long distances.
You have an extended range of vision and can be seen from far away.


Message History

* * * LOW HITPOINT WARNING * * *
Unknown command.
You feel much better. Donald hits you but does no damage.
Your ice beast hits Donald but does no damage.
Donald blocks your ice beast's attack.
Unknown command.
Unknown command.
Donald blocks your attack.
Donald is heavily wounded.
Donald hits you but does no damage.
Your ice beast hits Donald but does no damage.
Donald blocks your ice beast's attack.
Donald says, "I asked for directions to the rune, but they belched at me."
Donald hits your ice beast with a +1 scimitar of holy wrath!!!
Your ice beast dies!
Donald shouts!
Unknown command.
Unknown command.
You hit Donald but do no damage.
Donald is moderately wounded.
Your ice beast barely misses Donald.
Donald misses you.
Your lightning spire shoots out a bolt of lightning at Donald!
The bolt of electricity hits Donald!
Your ice beast barely misses Donald.
Unknown command.
Unknown command.
You hit Donald.
Donald is heavily wounded.
You feel like a meek peon again.
Donald winces.
Donald hits you with a +1 scimitar of holy wrath!!
* * * LOW HITPOINT WARNING * * *
Your ice beast hits Donald but does no damage.
Your lightning spire shoots out a bolt of lightning at Donald!
The bolt of electricity hits Donald!
Unknown command.
Unknown command.
Donald blocks your attack.
Donald is severely wounded.
Donald hits you with a +1 scimitar of holy wrath!!!
You die...

##.......####............##
#.........#..#.[..........##
##..#........[#<[[.........##
..............[.>.........#.##
....#........).(.[.......[[..#
.............[....[....).)#[##
.......)...[[...Y....^..))[..#
.......^..[[....@#........#.##
........).......@Y#.......[##
........#.....8....##.....[#####
...............#........).#.#..##
.........................#......#
....>....#...#.................##
....)............#.###........##
................#### ##..#...##
..............#.## ##.#...#
.................#### #...#.##


You could see Donald (fast, strong, ally target), 2 friendly ice beasts and a
friendly lightning spire (summoned).

Vanquished Creatures
  A hydra (Lair:4)
  A two-headed ogre (D:10)
  An orc high priest (Orc:1)
  A skeletal warrior (D:10)
  A cyclops (Orc:1)
  An elephant (Lair:3)
  2 centaur zombies (D:10)
  A cane toad (Lair:6)
  4 black mambas
  A gargoyle (D:11)
  2 komodo dragons (Lair:6)
  2 polar bears (Lair:6)
  2 blink frogs
  A vampire (D:9)
  2 shadows
  A basilisk (Lair:1)
  A wyvern (D:9)
  19 yaks
  Grum (D:8)
  A steam dragon (D:9)
  A warg (Orc:1)
  Menkaure (D:5)
  6 water moccasins
  2 hornet zombies
  10 orc warriors
  An ogre (Orc:1)
  A boggart (D:9)
  A necrophage (D:6)
  15 wolves
  5 centaurs
  3 kobold brigands
  8 bullfrogs
  4 gnoll sergeants
  A scorpion (D:10)
  A water moccasin zombie (D:5)
  A wight (D:10)
  2 killer bees
  8 electric eels
  8 howler monkeys
  A bullfrog skeleton (D:7)
  A hound (D:5)
  5 orc priests
  2 centaur skeletons (D:7)
  Terence (D:2)
  3 iguanas
  9 orc wizards
  A nameless horror (Lair:3)
  6 gnolls
  4 adders
  2 howler monkey skeletons
  A shadow imp (D:8)
  A worm (D:3)
  A dart slug (D:2)
  27 orcs
  An endoplasm (D:3)
  3 giant cockroaches
  6 goblins
  A hobgoblin (D:3)
  5 jackals
  2 quokkas
  5 ball pythons
  2 bats
  A frilled lizard (D:3)
  9 kobolds
  6 rats
231 creatures vanquished.

Vanquished Creatures (collateral kills)
  Snorg (D:10)
  Fannar (Lair:2)
  6 hydras
  A centaur warrior (D:10)
  A two-headed ogre (D:11)
  A death yak (Lair:5)
  An orc sorcerer (Orc:1)
  3 orc knights
  A manticore (D:9)
  8 elephants
  A cyclops (D:9)
  4 black mambas
  Joseph (D:8)
  A torpor snail (Lair:6)
  Maggie (Lair:1)
  3 rime drakes
  An unseen horror (D:10)
  7 cane toads
  6 komodo dragons
  7 trolls
  Grinder (D:3)
  5 dream sheep (Lair:6)
  6 blink frogs
  A meliai zombie (D:10)
  A slime creature (D:9)
  A shadow (D:11)
  2 wyverns
  14 wolves
  18 yaks
  2 basilisks (Lair:5)
  A steam dragon (D:9)
  A vampire mosquito (D:10)
  Edmund (D:5)
  A warg (Orc:1)
  21 water moccasins
  7 orc warriors
  An ice beast (D:7)
  3 sky beasts
  4 black bears
  2 necrophages
  4 ogres
  2 kobold brigands (D:9)
  3 centaurs
  Blork the orc (D:5)
  3 bullfrogs
  4 gnoll sergeants
  2 scorpions (D:10)
  3 howler monkeys (D:10)
  3 centaur zombies
  2 hounds (D:5)
  2 jellies
  An orc priest (D:11)
  A bullfrog skeleton (D:6)
  A centaur skeleton (D:7)
  3 iguanas
  3 orc wizards (D:11)
  A killer bee zombie (D:9)
  A nameless horror (D:11)
  A howler monkey zombie (D:9)
  11 gnolls
  3 adders
  A worm (D:2)
  A dart slug (D:2)
  14 orcs
  2 bats (D:1)
  2 endoplasms (D:2)
  2 giant cockroaches
  2 goblins
  2 hobgoblins (D:1)
  4 jackals (D:2)
  A quokka (D:2)
  A ball python (D:1)
  A frilled lizard (D:1)
  A kobold (D:2)
  2 rats (D:1)
240 creatures vanquished.

Vanquished Creatures (others)
  A centaur (D:8)
  43 fungi
  88 plants
132 creatures vanquished.

Grand Total: 603 creatures vanquished

Notes
Turn   | Place    | Note
-------+----------+-------------------------------------------
     0 | D:1      | tilp the Barachi Summoner began the quest for the Orb.
     0 | D:1      | Reached XP level 1. HP: 13/13 MP: 3/3
    53 | D:1      | Found Ponnaeph's Armour Emporium.
   193 | D:1      | Reached skill level 1 in Fighting
   603 | D:1      | Reached XP level 2. HP: 22/22 MP: 0/5
   606 | D:1      | Learned a level 2 spell: Call Imp
  1058 | D:1      | Reached skill level 5 in Summonings
  1426 | D:2      | Reached XP level 3. HP: 27/27 MP: 4/6
  1430 | D:2      | Learned a level 3 spell: Call Canine Familiar
  1499 | D:2      | Found a faded altar of an unknown god.
  2051 | D:2      | Noticed Terence
  2819 | D:3      | Reached XP level 4. HP: 33/33 MP: 8/8
  2867 | D:3      | Noticed Grinder
  2897 | D:3      | Killed Grinder
  2898 | D:3      | Reached skill level 7 in Summonings
  2898 | D:3      | Reached XP level 5. HP: 21/38 MP: 1/11
  2898 | D:3      | Reached XP level 6. HP: 25/44 MP: 1/12
  4903 | D:5      | Entered Level 5 of the Dungeon
  4903 | D:5      | Noticed a sky beast
  4926 | D:4      | Killed a sky beast
  4927 | D:4      | Reached skill level 8 in Summonings
  5055 | D:5      | Reached skill level 1 in Maces & Flails
  5055 | D:5      | Reached XP level 7. HP: 51/51 MP: 10/13
  5162 | D:5      | Noticed Blork the orc
  5212 | D:5      | Found a staircase to the Ecumenical Temple.
  5221 | D:5      | Noticed Edmund
  5227 | D:5      | Killed Edmund
  5247 | Temple   | Entered the Ecumenical Temple
  5493 | Temple   | Became a worshipper of Warmaster Okawaru
  5983 | D:5      | Reached XP level 8. HP: 51/60 MP: 4/14
  6089 | D:5      | Reached * piety under Okawaru
  6166 | D:5      | Noticed Menkaure
  6177 | D:5      | Killed Menkaure
  6338 | D:5      | Reached skill level 1 in Invocations
  6869 | D:6      | Noticed a shadow
  7900 | D:6      | Reached ** piety under Okawaru
  8293 | D:6      | Identified the +2 dagger of the Inquisitive Bones {elec,
                  | Str+2 Dex+4}
  8519 | D:7      | Learned a level 3 spell: Summon Guardian Golem
  8524 | D:7      | Learned a level 4 spell: Summon Ice Beast
  8670 | D:7      | Reached XP level 9. HP: 58/66 MP: 8/15
  8760 | D:7      | Reached skill level 5 in Fighting
  8914 | D:7      | Reached skill level 5 in Maces & Flails
  9514 | D:8      | Reached *** piety under Okawaru
  9529 | D:8      | Noticed Grum
  9531 | D:8      | Noticed a troll
  9559 | D:8      | Killed Grum
  9570 | D:8      | Reached skill level 5 in Invocations
 10159 | D:8      | Reached skill level 1 in Ice Magic
 10518 | D:8      | Found Iclieb's Distillery.
 10533 | D:8      | Noticed Gastronok
 10818 | D:8      | Reached skill level 9 in Summonings
 10818 | D:8      | Reached XP level 10. HP: 74/76 MP: 16/16
 10842 | D:8      | Noticed Joseph
 10939 | D:8      | Noticed a boulder beetle
 11218 | D:9      | Reached **** piety under Okawaru
 11401 | D:9      | Reached skill level 5 in Spellcasting
 11723 | D:9      | HP: 3/73 [wight/+4 war axe[a boggart] (14)]
 12223 | D:9      | Noticed a manticore
 12232 | D:9      | Killed a manticore
 12233 | D:9      | Reached skill level 10 in Summonings
 12463 | D:9      | Noticed a cyclops
 12491 | D:9      | Killed a cyclops
 12492 | D:9      | Reached skill level 1 in Evocations
 12936 | D:9      | Identified the +5 falchion "Odupri Juna" {venom, Str+4}
 13168 | D:9      | Learned a level 4 spell: Summon Lightning Spire
 13172 | D:9      | Learned a level 3 spell: Swiftness
 13223 | D:10     | Entered Level 10 of the Dungeon
 13231 | D:10     | Noticed a centaur warrior
 13276 | D:10     | Noticed a two-headed ogre
 13279 | D:10     | Noticed a skeletal warrior
 13290 | D:10     | Reached ***** piety under Okawaru
 13290 | D:10     | Killed a two-headed ogre
 13303 | D:10     | Found a basalt altar of Yredelemnul.
 13549 | D:10     | Received a gift from Okawaru
 13724 | D:10     | Reached XP level 11. HP: 72/84 MP: 8/20
 13877 | D:10     | Identified the +5 halberd "Sawumog" {vorpal, Dex+9}
                  | (Okawaru gifted it to you on level 10 of the Dungeon)
 13877 | D:10     | Received a gift from Okawaru
 14398 | D:10     | Found a staircase to the Orcish Mines.
 14731 | D:10     | Reached skill level 11 in Summonings
 15413 | D:10     | Killed a skeletal warrior
 15540 | D:10     | Found a staircase to the Lair.
 15623 | D:10     | Killed a centaur warrior
 15623 | D:10     | Received a gift from Okawaru
 15624 | D:10     | Reached skill level 12 in Summonings
 15860 | D:10     | Reached skill level 1 in Armour
 16307 | D:11     | Noticed a two-headed ogre
 16314 | D:11     | Killed a two-headed ogre
 17501 | D:2      | Killed Terence
 17673 | D:2      | Found a faded altar of an unknown god.
 17948 | D:5      | Killed Blork the orc
 18901 | Lair:1   | Entered Level 1 of the Lair of Beasts
 19501 | Lair:1   | Noticed a five-headed hydra
 19523 | Lair:1   | Noticed Maggie
 19636 | Lair:1   | Killed a five-headed hydra
 19965 | Lair:1   | Reached XP level 12. HP: 88/95 MP: 9/21
 20384 | Lair:1   | Noticed a catoblepas
 20416 | Lair:1   | Reached ****** piety under Okawaru
 20918 | D:1      | Bought the +2 ratskin cloak {*Rats rPois rN+ Str-1 Int-1
                  | Dex+1} for 389 gold pieces
 20918 | D:1      | Found the +2 ratskin cloak {*Rats rPois rN+ Str-1 Int-1
                  | Dex+1}
 21096 | D:8      | Bought a potion of ambrosia for 96 gold pieces
 21316 | D:8      | Killed Joseph
 22183 | Lair:2   | Noticed an eight-headed hydra
 23341 | Lair:2   | Learned a level 1 spell: Apportation
 23437 | Lair:2   | Killed an eight-headed hydra
 23437 | Lair:2   | Received a gift from Okawaru
 23438 | Lair:2   | Reached skill level 10 in Fighting
 23577 | Lair:2   | Identified the +5 great sword of the Weasel {freeze, rCorr
                  | Int-5 Stlth+} (Okawaru gifted it to you on level 2 of the
                  | Lair of Beasts)
 23577 | Lair:2   | Received a gift from Okawaru
 23817 | Lair:2   | You fall into a shaft and drop 2 floors!
 24023 | Lair:4   | Noticed a five-headed hydra
 24033 | Lair:4   | Killed a five-headed hydra
 24612 | Lair:2   | Found a runed translucent door.
 24613 | Lair:2   | Noticed AmberJLi's ghost (novice DDDe)
 24617 | Lair:2   | Noticed Fannar
 24628 | Lair:2   | Killed Fannar
 24847 | Lair:2   | Found a hide-covered altar of Uskayaw.
 24885 | Lair:2   | Found a staircase to the Shoals.
 25643 | Lair:3   | Reached skill level 5 in Dodging
 25741 | Lair:3   | Received a gift from Okawaru
 27509 | Lair:3   | Found a staircase to the Snake Pit.
 27542 | Lair:3   | Noticed a six-headed hydra
 27555 | Lair:3   | Killed a six-headed hydra
 27987 | Lair:3   | Gained mutation: You can hop long distances. [Barachi
                  | growth]
 27987 | Lair:3   | Reached XP level 13. HP: 44/106 MP: 3/22
 28854 | Lair:4   | Reached skill level 10 in Maces & Flails
 29517 | Lair:5   | Received a gift from Okawaru
 30852 | Lair:5   | Found a viscous altar of Jiyva.
 30852 | Lair:5   | Found a staircase to the Slime Pits.
 31840 | Lair:5   | Reached skill level 13 in Summonings
 32241 | Lair:1   | Killed Maggie
 32514 | Orc:1    | Entered Level 1 of the Orcish Mines
 34072 | Orc:1    | Reached skill level 14 in Summonings
 34607 | Lair:6   | Entered Level 6 of the Lair of Beasts
 34838 | Lair:6   | Received a gift from Okawaru
 35938 | Lair:6   | Reached skill level 15 in Summonings
 36670 | Orc:2    | Entered Level 2 of the Orcish Mines
 36670 | Orc:2    | Found Uluih's Armour Shop.
 36670 | Orc:2    | Noticed Snorg
 36670 | Orc:2    | Noticed Donald
 36683 | D:10     | Killed Snorg
 36974 | Orc:1    | Paralysed by an orc sorcerer for 6 turns
 37008 | Orc:1    | Annihilated by Donald

Illustrated notes

Levels and vault maps discovered:
D:1:      dpeg_arrival_round_a, layout_basic, serial_shops, shop,
          minmay_domino_2
D:2:      layout_loops_ring, ebering_ecumenical_altar_petrified, uniq_terence
D:3:      layout_basic, uniq_grinder
D:4:      layout_basic
D:5:      cheibrodos_two_vegetables, layout_basic, minmay_temple_entry_tees,
          serial_rivers, chequers_serial_rivers_small_a,
          chequers_serial_rivers_micro_c, chequers_serial_rivers_large_a,
          chequers_serial_rivers_micro_c, corexii_item_surrounded_by_moat,
          uniq_edmund, uniq_menkaure, uniq_blork_the_orc
D:6:      layout_basic
D:7:      layout_rooms
D:8:      layout_loops_ring, serial_shops, nicolae_shop_window_shopping,
          minmay_radiant, uniq_grum, uniq_gastronok, uniq_joseph
D:9:      layout_roguey, minmay_pinched_square
D:10:     cheibrodos_barr_body, layout_irregular_city,
          yredelemnul_altar_generic, grunt_lair_entry_orc_guard_hut,
          kennysheep_orc_monster_closet_entryway
D:11:     layout_big_octagon
Temple:   minmay_crystal_snake_temple
Lair:1:   layout_cave_pods, uniq_maggie
Lair:2:   layout_hall_layers, minmay_shoals_entry_centaurs, basic_altar,
          ebering_ghost_inner_flame, minmay_lair_oklob_chamber, uniq_fannar
Lair:3:   layout_concentric_octagons, minmay_snake_entry_six_corridors,
          special_room [special_room_bee], lemuel_fruit_tree,
          infiniplex_staircase_pool
Lair:4:   layout_small_grid
Lair:5:   layout_cellular_growth, dpeg_slime_entry_enclosed_altar, st_stairs_12,
          minmay_shattered_shrine
Lair:6:   minmay_lair_end_enchanted_forest, layout_cave_shapes,
          chequers_serial_rivers_room_a, nicolae_quartered_pool_little,
          dpeg_stationary_puzzle
Orc:1:    layout_caves
Orc:2:    st_orc_open, layout_caves, basic_altar, serial_shops, shop,
          bh_open_orc_temple, uniq_snorg, uniq_donald

Skill      XL: |  1  2  3  4  5  6  7  8  9 10 11 12 13 |
---------------+----------------------------------------+-----
Fighting       | 1 2 3 4 6 7 9 11 12 | 12.0
Summonings     | 5 7 8 9 10 12 15 | 15.0
Spellcasting   | 3 4 6 |  6.0
Stealth        | 2 3 4 |  4.0
Maces & Flails | 1 2 4 6 7 9 10 | 10.0
Dodging        | 3 4 6 |  6.0
Invocations    | 4 6 8 |  8.3
Ice Magic      | 2 4 |  4.0
Evocations     | 4 |  4.0
Air Magic      | 3 4 |  4.0
Armour         | 4 |  4.0

Action                   |  1- 3 |  4- 6 |  7- 9 | 10-12 | 13-15 || total
-------------------------+-------+-------+-------+-------+-------++-------
Melee: Unarmed           |    38 |       |       |       |       ||    38
       Dagger            |   115 |       |       |       |       ||   115
       Whip              |     7 |    68 |   250 |   131 |       ||   456
       Mace              |       |       |    54 |   251 |       ||   305
       Punch             |       |       |     1 |     6 |     4 ||    11
       Morningstar       |       |       |       |   304 |   285 ||   589
Throw: Dart              |       |       |       |       |     1 ||     1
 Cast: Summon Small Mamm |    16 |       |     2 |     1 |       ||    19
       Call Imp          |    24 |     8 |    56 |     7 |       ||    95
       Call Canine Famil |     2 |     5 |    28 |    20 |     5 ||    60
       Summon Ice Beast  |       |       |       |   213 |   118 ||   331
       Summon Lightning  |       |       |       |    26 |    17 ||    43
       Swiftness         |       |       |       |     1 |       ||     1
Invok: Heroism           |       |       |     5 |    17 |    13 ||    35
 Abil: Hop               |     1 |     2 |     2 |     6 |     3 ||    14
Evoke: Wand              |       |       |     1 |    10 |     3 ||    14
       Condenser vane    |       |       |       |     2 |       ||     2
       Box of beasts     |       |       |       |       |     1 ||     1
       Tin of tremorston |       |       |       |       |     1 ||     1
  Use: Scroll            |     4 |     3 |     7 |     6 |     6 ||    26
       Potion            |       |     1 |     3 |     2 |     3 ||     9
 Stab: Sleeping          |     1 |       |     1 |     1 |     2 ||     5
       Distracted        |       |       |     5 |    10 |     4 ||    19
Armor: Robe              |    14 |       |       |       |       ||    14
       Ring mail         |    70 |    35 |   101 |    53 |       ||   259
       Steam dragon scal |       |       |       |   300 |   155 ||   455
       Skin              |       |       |       |     6 |       ||     6
Dodge: Dodged            |   127 |    39 |   194 |   688 |   304 ||  1352

Table legend: (Time is in decaauts)
 A = Elapsed time spent in this place.
 B = Non-inter-level travel time spent in this place.
 C = Inter-level travel time spent in this place.
 D = Time resting spent in this place.
 E = Time spent auto-exploring this place.
 F = Levels seen in this place.
 G = Mean time per level.
                   A        B        C        D        E       F      G
               +--------+--------+--------+--------+--------+-----+--------+
         Total |  40181 |  36526 |   3655 |  11343 |  19817 |  20 | 2009.1 |
       Dungeon |  23359 |  20817 |   2542 |   5801 |  11616 |  11 | 2123.5 |
        Temple |    326 |    272 |     54 |      0 |    270 |   1 |  326.0 |
          Lair |  15767 |  14767 |   1000 |   5482 |   7532 |   6 | 2627.8 |
  Orcish Mines |    728 |    671 |     57 |     59 |    398 |   2 |  364.0 |
               +--------+--------+--------+--------+--------+-----+--------+

Top non-repeatable levels by time:
    D:10: 4870 daAuts
  Lair:3: 3718 daAuts
  Lair:1: 3670 daAuts
  Lair:5: 3081 daAuts
     D:8: 2627 daAuts
     D:9: 2625 daAuts
     D:5: 2592 daAuts
     D:6: 2218 daAuts
  Lair:2: 2115 daAuts
     D:2: 2102 daAuts
  Lair:6: 2000 daAuts
     D:1: 1753 daAuts
     D:3: 1426 daAuts
     D:4: 1335 daAuts
  Lair:4: 1180 daAuts
